[Event "13th Palmanova Festival A 2024"]
[Site "Palmanova"]
[Date "2025.01.01"]
[Round "7.14"]
[White "Hercegovac, Neven"]
[Black "Maglioni, Leonardo"]
[Result "0-1"]
[ECO "C02"]
[WhiteElo "2287"]
[BlackElo "1971"]
[Annotator "TA"]
[PlyCount "68"]
[EventDate "2024.12.27"]
[EventCountry "ITA"]
[SourceTitle "playchess.com"]
[Source "ChessBase"]
[SourceQuality "1"]
[TimeControl "6000+30"]

1. e4 e6 2. d4 d5 3. e5 c5 4. c3 Nc6 5. Nf3 Qb6 6. Be2 Bd7 7. O-O cxd4 8. cxd4 Nge7 9. Nc3 Rc8 10. Na4 Qc7 11. a3 f6 (11... Nf5 $14) 12. exf6 $16 gxf6 13. Nh4 (13. Re1 $16) 13... Ng6 $11 14. Bh5 Kd8 {[%emt 0:09:29] [#]} 15. Qf3 Be7 $17 16. Bxg6 hxg6 17. Bf4 e5 $1 18. Nxg6 Nxd4 19. Qd3 {[%emt 0:00:37] Threatens to win with Rfc1.} Bxa4 (19... exf4 $2 20. Qxd4 (20. Nxh8 Qc4 $16) 20... Rh7 21. Nc3 $18 (21. Qxa7 Bd6 $11) (21. Nxf4 $2 Qc4 $19) (21. Qxd5 Qc4 $18)) (19... Bf5 20. Qxd4 Bxg6 21. Qxd5+ Qd7 22. Qxd7+ Kxd7 23. Be3 $11) ({Black should try} 19... Qc2 $1 $19 20. Qxc2 Nxc2 21. Nxh8 Nxa1 (21... exf4 $2 22. Rac1 $19) (21... Bxa4 22. Rad1 $17)) 20. Nxh8 $2 {[%emt 0:02:00] [#]} (20. Qxd4 $1 $15 Qd7 (20... exd4 21. Bxc7+ Rxc7 22. Nxh8 $15) 21. Qd2 (21. Qxa7 Bc5 $17)) 20... Qc2 $1 $19 21. Qxc2 (21. Nf7+ $2 Ke8 22. Qxc2 Nxc2 (22... Rxc2 $2 23. Bxe5 Ne2+ 24. Kh1 $19) 23. Nxe5 fxe5 24. Bxe5 Nxa1 25. Rxa1 Rc4 $19) 21... Bxc2 ({Don't do} 21... Rxc2 22. Be3 $17) 22. Bd2 $2 (22. Bxe5 fxe5 (22... Ne2+ $2 23. Kh1 $19) 23. Nf7+ Ke8 24. Nxe5) 22... Nb3 23. Bb4 Nxa1 24. Rxa1 Bxb4 25. axb4 {[%emt 0:00:01][%mdl 4096] Endgame KRB-KRN} d4 26. Nf7+ Ke7 27. Nh6 Ke6 28. f3 (28. f4 $142 d3 (28... exf4 29. Re1+ Kd5 30. Ng4 $19) 29. f5+ Kd7 30. Kf2) 28... d3 29. Ng4 d2 30. Ne3 a6 $2 (30... Bb3 {Threatens to win with ...Rc1+.} 31. Kf2 Rc1 32. Rxa7 Re1 (32... d1=R $2 33. Nxd1 Rxd1 34. Rxb7 $19) (32... d1=B 33. Rxb7 Ba2 34. g4 $15) (32... d1=N+ $2 33. Nxd1 Rxd1 34. Rxb7 $19)) 31. Kf2 {[%emt 0:00:37] [#]} Bb3 $1 32. Rd1 $2 (32. b5 axb5 (32... Rc1 $2 33. bxa6 bxa6 34. Rxa6+ Kf7 35. h4 $19) 33. Ke2) 32... Bxd1 33. Nxd1 Rd8 34. Ke2 f5 0-1